AoeStats
← 念

Black Forest

508446300Analyzed
4v4 RM · 11d ago on Sep 22, 2026· 20m 25s· 8 players
Game mode
Random Map
Map size
Large (8 player)
Population
200
Speed
Normal
Resources
Standard
Victory
Conquest
Starting age
Dark Age
Ending age
Imperial Age
RankedLock teamsTeams togetherTeam positionsShared explorationLock speedFull tech treeHidden civsTurbo modeCheats
Victory
Defeat
🇺🇸 Japanese · United States
1303
+14
🇨🇳 Bohemians · China
1276
+15
🇯🇵 Goths · Japan
1239
+17
🇨🇱 Cumans · Chile
1232
+17
🇭🇰 Slavs · Hong Kong SAR China
1308
-17
🇹🇼 Britons · Taiwan
1294
-17
🇨🇳 Italians · China
1233
-15
🇨🇳 Hindustanis · China
1208
-14
BuFu1
1:20 Loom
12:58 Feudal Age
13:13 Man-at-Arms
14:55 Arson
17:59 Wheelbarrow
17:35 Scale Mail Armor
19:15 Forging
kokowatousaneize
11:08 Feudal Age
14:54 Castle Age
12:58 Double-Bit Axe
12:54 Horse Collar
16:08 Bow Saw
16:55 Heavy Plow
20:05 Wheelbarrow
bastianbps
2:05 Loom
11:04 Feudal Age
14:54 Fishing Lines
15:01 Double-Bit Axe
22:06 Castle Age
阿尔特留斯
5:30 Loom
11:15 Feudal Age
17:21 Castle Age
15:08 Double-Bit Axe
15:56 Horse Collar
18:23 Bow Saw
18:56 Fervor
19:49 Heavy Plow
SwallowXII
0:28 Loom
15:51 Feudal Age
thomasshing2
7:48 Loom
11:37 Feudal Age
12:55 Double-Bit Axe
15:47 Castle Age
14:13 Horse Collar
17:10 Bow Saw
17:03 Heavy Plow
念
1:33 Loom
12:41 Feudal Age
13:45 Double-Bit Axe
16:25 Castle Age
15:14 Stone Mining
17:31 Bow Saw
ciri
0:28 Loom
11:28 Feudal Age
15:24 Castle Age
13:50 Double-Bit Axe
13:51 Horse Collar
18:41 Bow Saw
Connection lost

Rejoining the realm…

Still unreachable

The connection could not be restored.

Session expired

The server has moved on; the page needs a fresh start.